 Dungeon Crawl Stone Soup version 0.29-a0-1008-g949cc1d0fb (webtiles) character file.

Game seed: 2862536563968045848

78 vurker the Shooter (level 4, -11/39 HPs)
             Began as a Minotaur Hunter on Aug 7, 2022.
             Mangled by Duvessa
             ... wielding a +6 rapier of electrocution
              (13 damage)
             ... on level 4 of the Dungeon.
             The game lasted 00:02:51 (2621 turns).

vurker the Shooter (Minotaur Hunter)                Turns: 2621, Time: 00:02:51

Health: -11/39     AC: 11    Str: 18    XL:     4   Next: 15%
Magic:  3/3        EV: 11    Int:  6    God:
Gold:   60         SH:  0    Dex: 13    Spells: 3/3 levels left

rFire   . . .      SeeInvis .   a - +1 arbalest
rCold   . . .      Faith    .   (shield currently unavailable)
rNeg    . . .      Spirit   .   d - +0 chain mail
rPois   .          Reflect  .   (helmet restricted)
rElec   .          Harm     .   (no cloak)
rCorr   .          Rampage  .   r - +2 pair of gloves
Will    .....                   (no boots)
Stlth   ..........              (no amulet)
HPRegen 0.13/turn               l - +4 ring of evasion
MPRegen 0.08/turn               (no ring)

@: no status effects
A: horns 2, retaliatory headbutt
a: no special abilities


You were on level 4 of the Dungeon.
You visited 1 branch of the dungeon, and saw 4 of its levels.

You collected 82 gold pieces.
You spent 22 gold pieces at shops.

Inventory:

Hand Weapons
 a - a +1 arbalest (weapon)
   (You found it on level 2 of the Dungeon)
Armour
 d - a +0 chain mail (worn)
   (You found it on level 1 of the Dungeon)
 r - a +2 pair of gloves (worn)
   (You found it on level 1 of the Dungeon)
Jewellery
 h - a ring of flight
   (You found it on level 4 of the Dungeon)
 i - a ring of ice
   (You found it on level 1 of the Dungeon)
 l - a +4 ring of evasion (left hand)
   (You found it on level 2 of the Dungeon)
Scrolls
 b - a scroll of immolation
 g - a scroll of summoning
Potions
 c - a potion of mutation
 e - 2 potions of cancellation
 f - 2 potions of heal wounds {unknown}
 m - a potion of lignification {unknown}
 q - a potion of magic {unknown}


   Skills:
 + Level 3.6 Fighting
 * Level 5.7 Ranged Weapons
 - Level 2.1 Dodging
 - Level 0.7 Stealth


You had 3 spell levels left.
You didn't know any spells.
Your spell library was empty.

Dungeon Overview and Level Annotations

Branches:
Dungeon (4/15)
 Temple: D:4-7

Altars:
Elyvilon

Shops:
D:3 ?

Annotations:
D:4 Dowan, Duvessa


Innate Abilities, Weirdness & Mutations

You have a pair of horns on your head.
You reflexively headbutt those who attack you in melee.


Message History

The hobgoblin hits you but does no damage.
The adder bites you but does no damage.
You shoot a bolt. The bolt barely misses the adder.
The hobgoblin barely misses you. The adder bites you but does no damage.
The adder bites you. The hobgoblin closely misses you. You furiously retaliate!
You headbutt the hobgoblin. You shoot a bolt. The bolt hits the adder!
You kill the adder!
The hobgoblin hits you but does no damage. x2
You have reached level 4!
You feel stronger.
You shoot a bolt. The bolt hits the hobgoblin!
You kill the hobgoblin!
No target in view!
No target in view!
No target in view!
Found a stone staircase leading down.
Found an escape hatch in the floor.
Found a scroll of identify.
A goblin comes into view. It is wielding a +0 dagger.
The goblin shouts!
The goblin moves out of view.
A goblin is nearby!
You shoot a bolt. The bolt hits the goblin.
Duvessa, Sister of Dowan comes into view.
She is wielding a +6 rapier of electrocution.
You shoot a bolt.
Duvessa shouts!
The bolt hits the goblin!
You kill the goblin!
You hear a shout!
Duvessa says, "When magic and the sword combine, nothing stands against them."
Duvessa drinks a potion.
Duvessa flickers and vanishes!
Deactivating autopickup; reactivate with Ctrl-A.
Dowan, Brother of Duvessa comes into view.
He is wielding a +0 dagger.
You see here a scroll of identify.
Something hits you but does no damage. Something hits you.
You are electrocuted!
* * * LOW HITPOINT WARNING * * *
Something hits you.
* * * LOW HITPOINT WARNING * * *
Okay, then.
You see here a staff of conjuration.
Something hits you!
* * * LOW HITPOINT WARNING * * *
Something hits you!
* * * LOW HITPOINT WARNING * * *
There is a stone staircase leading up here.
Something hits you!
You die...

#...####### #.....#####
##.###### #...>.....#
#.....# #.# #....####.#
#.....# #.#
#....####.###..e..# #.#
..##.##..#.....#.## #..
####....###.##..|.###
### #...## ##........#
#....###.#.#...#.#
#.....#......@##.######
#..###.###.#..........#
#..#.#.# #.#.###.####.#
#...# .# #.......# #.#
##.###.# ###.##### #.#
####.#.# ###.### #.#
#......# #.....# ####.#
#.###.†# #.....# #....#
# ##..# #.....# #.#..#


You could see Dowan.

Vanquished Creatures
  3 adders
  2 worms
  A dart slug (D:2)
  7 ball pythons
  4 bats
  4 endoplasms
  5 goblins
  3 hobgoblins
  A frilled lizard (D:1)
  8 kobolds
  9 rats
47 creatures vanquished.

Notes
Turn   | Place    | Note
-------+----------+-------------------------------------------
     0 | D:1      | vurker the Minotaur Hunter began the quest for the Orb.
     0 | D:1      | Reached XP level 1. HP: 18/18 MP: 0/0
   302 | D:1      | Found a faded altar of an unknown god.
   325 | D:1      | Reached XP level 2. HP: 25/25 MP: 1/1
  1079 | D:2      | Reached skill level 5 in Ranged Weapons
  1326 | D:2      | Reached XP level 3. HP: 31/31 MP: 2/2
  1915 | D:3      | Found a white marble altar of Elyvilon.
  1957 | D:3      | Found Moun's Magic Scroll Shoppe.
  1963 | D:3      | Bought a scroll of identify for 22 gold pieces
  2564 | D:4      | Reached XP level 4. HP: 37/39 MP: 3/3
  2600 | D:4      | Noticed Duvessa
  2602 | D:4      | Noticed Dowan
  2621 | D:4      | Mangled by Duvessa

Illustrated notes

Levels and vault maps discovered:
D:1:      psy_arrival_radial02, layout_basic, ebering_ecumenical_altar_hall
D:2:      wander_river, layout_rooms
D:3:      layout_basic, elyvilon_altar_3, serial_shops,
          nicolae_shop_temple_entry_statues_fountains,
          minmay_misc_feat_diagonals, st_stairs_13
D:4:      layout_loops_cross, mainiacjoe_overflow_six_doors_small, uniq_duvessa

Skill      XL: |  1  2 |
---------------+-------+-----
Ranged Weapons | 5 |  5.7
Fighting       | 3 |  3.6
Dodging        | |  2.1
Stealth        | |  0.7

Action                   |  1- 3 |  4- 6 || total
-------------------------+-------+-------++-------
 Fire: Shortbow          |    43 |       ||    43
       Arbalest          |    59 |     3 ||    62
  Use: Scroll            |    10 |       ||    10
Armor: Chain mail        |    33 |     1 ||    34
Dodge: Dodged            |    25 |       ||    25

Table legend: (Time is in decaauts)
 A = Elapsed time spent in this place.
 B = Non-inter-level travel time spent in this place.
 C = Inter-level travel time spent in this place.
 D = Time resting spent in this place.
 E = Time spent auto-exploring this place.
 F = Levels seen in this place.
 G = Mean time per level.
                   A        B        C        D        E       F      G
               +--------+--------+--------+--------+--------+-----+--------+
         Total |   2728 |   2525 |    203 |    113 |   2008 |   4 |  682.0 |
       Dungeon |   2728 |   2525 |    203 |    113 |   2008 |   4 |  682.0 |
               +--------+--------+--------+--------+--------+-----+--------+

Top non-repeatable levels by time:
     D:1: 1003 daAuts
     D:3: 952 daAuts
     D:2: 583 daAuts
     D:4: 188 daAuts
